Map: Thunderbird LE

Players

zlemin

  • Race: Protoss Protoss
  • League: Silver
  • Spawn Location: 5:00

TiPtOP - Winner!

  • Race: Terran Terran
  • League: Silver
  • Spawn Location: 11:00

VOD

Have the link to the VOD?

Description

Time

  • Played on: Aug. 17, 2019, 1 a.m.
  • Length: 13:49
Show
View Real Time Build Order
Export as new Build Order

zlemin Protoss 

Build Orders:  

Get SALT Encoding   

  12  0:02  Probe  
  13  0:14  Probe  
  14  0:22  Pylon  
  14  0:26  Assimilator  
  14  0:29  Probe  
  15  0:42  Probe  
  16  0:54  Probe  
  17  1:00  Gateway  
  17  1:04  Probe  
  18  1:12  Probe  
  19  1:20  Probe  
  20  1:28  Assimilator  
  20  1:32  Probe  
  21  1:44  Probe  
  22  1:49  Cybernetics Core  
  22  1:53  Forge  
  22  1:55  Gateway  
  22  2:00  Gateway  
  22  2:11  Pylon  
  22  2:17  Pylon  
  22  2:29  Zealot  
  24  2:45  Twilight Council  
  24  2:52  Stalker  
  24  2:54  Stalker  
  24  2:56  Zealot  
  30  3:10  Probe  
  31  3:22  Stalker, Probe  
  34  3:39  Nexus  
  34  3:42  Probe  
  35  3:50  Probe  
  36  3:59  Probe  
  37  4:08  Zealot  
  39  4:20  Charge  
  39  4:35  Pylon  
  39  4:39  Pylon  
  39  4:43  Pylon  
  39  4:46  Pylon  
  39  4:50  Zealot x2, Probe  
  39  4:51  Pylon  
  44  4:56  Protoss Ground Weapons Level 1  
  44  5:01  Stalker  
  44  5:03  Probe  
  44  5:05  Probe  
  47  5:12  Probe  
  47  5:13  Probe  
  48  5:20  Probe  
  50  5:22  Probe  
  52  5:29  Probe  
  53  5:35  Templar Archives  
  53  5:41  Probe, Dark Shrine  
  54  5:43  Stargate  
  54  5:49  Stalker  
  56  5:50  Stalker  
  56  5:54  Stalker  
  60  6:02  Assimilator  
  60  6:04  Assimilator  
  60  6:19  Nexus  
  60  6:25  Assimilator  
  60  6:29  Assimilator  
  60  6:31  Probe  
  61  6:42  Probe  
  62  6:50  Probe  
  62  6:59  Probe  
  62  7:01  Probe  
  65  7:09  Probe  
  65  7:13  Probe  
  65  7:14  Dark Templar x3  
  73  7:21  Probe  
  74  7:25  Probe  
  74  7:29  Probe  
  76  7:37  Probe x2  
  78  7:45  Probe x2  
  80  7:53  Probe, Dark Templar x2  
  80  7:54  Void Ray, Dark Templar  
  80  7:57  Probe  
  92  8:03  Probe  
  93  8:06  Stargate  
  93  8:09  Probe  
  93  8:11  Probe  
  95  8:15  Probe  
  96  8:23  Probe  
  97  8:36  Probe  
  97  8:37  Void Ray  
  97  8:40  Nexus  
  102  8:47  Assimilator  
  102  8:48  Probe  
  103  8:49  Assimilator  
  103  8:56  Pylon  
  103  9:00  Probe  
  103  9:01  Pylon  
  104  9:07  Pylon  
  104  9:10  Pylon  
  104  9:16  Pylon  
  104  9:19  Pylon  
  104  9:23  Pylon  
  104  9:28  Pylon  
  104  9:31  Pylon  
  104  10:10  Robotics Facility  
  104  10:13  Robotics Facility  
  104  10:15  Void Ray x2  
  112  10:28  Probe  
  113  10:36  Probe  
  115  10:45  Probe  
  109  10:57  Probe  
  109  10:58  Void Ray x2  
  115  11:09  Probe  
  92  11:41  Void Ray x2  
  100  12:15  Stargate  
  94  12:23  Void Ray  
  94  12:24  Void Ray  
  59  13:14  Fleet Beacon  
Show
View Real Time Build Order
Export as new Build Order

TiPtOP Terran - Winner!

Build Orders: Mech 

Get SALT Encoding   

  12  0:00  SCV  
  13  0:13  SCV  
  14  0:18  Supply Depot  
  14  0:25  SCV  
  15  0:40  SCV  
  16  0:42  Barracks  
  16  0:49  Refinery  
  16  0:52  SCV  
  17  1:05  SCV  
  18  1:20  SCV  
  19  1:31  Marine  
  20  1:33  Orbital Command  
  20  1:43  Command Center  
  20  2:05  Barracks Tech Lab  
  20  2:09  SCV  
  20  2:10  Supply Depot  
  21  2:29  SCV  
  22  2:34  Factory  
  22  2:39  Command Center  
  22  2:55  Orbital Command  
  22  3:06  SCV  
  22  3:12  Refinery  
  23  3:18  SCV  
  24  3:23  Supply Depot  
  24  3:32  Armory  
  24  3:35  SCV  
  24  3:36  Supply Depot  
  25  3:43  Siege Tank  
  25  3:47  SCV  
  29  3:54  Supply Depot  
  29  3:56  SCV  
  29  3:57  SCV  
  31  4:05  Factory  
  31  4:09  SCV  
  32  4:20  Engineering Bay, Orbital Command  
  32  4:21  SCV  
  33  4:27  Supply Depot  
  33  4:32  Siege Tank  
  36  4:38  SCV  
  36  4:39  SCV  
  38  4:51  Supply Depot  
  38  4:54  Factory Reactor  
  38  5:00  Engineering Bay  
  38  5:08  Refinery  
  38  5:10  Orbital Command  
  38  5:25  Factory  
  38  5:30  Terran Vehicle Weapons Level 1  
  38  5:31  Command Center  
  38  5:32  Supply Depot  
  38  5:38  Hellion x2  
  42  5:42  Supply Depot  
  42  5:47  SCV  
  42  5:49  SCV  
  44  5:56  SCV  
  45  5:57  Missile Turret  
  45  5:59  SCV  
  45  6:01  SCV  
  47  6:04  Supply Depot  
  47  6:08  SCV  
  47  6:11  SCV  
  49  6:13  Factory  
  49  6:18  Factory Tech Lab  
  49  6:21  SCV  
  50  6:26  Supply Depot  
  50  6:29  SCV x2  
  52  6:33  Hellion x2, Siege Tank  
  52  6:36  Siege Tank  
  62  6:55  Hellion x2  
  62  6:56  Refinery  
  62  6:57  SCV  
  62  6:59  Refinery, SCV x2  
  69  7:05  Thor  
  69  7:08  Hellion, Factory Tech Lab  
  77  7:09  SCV, Orbital Command  
  77  7:11  SCV  
  79  7:19  SCV  
  80  7:29  Thor  
  86  7:31  Missile Turret, SCV  
  86  7:36  Thor  
  93  7:51  Refinery  
  93  8:06  Missile Turret  
  93  8:17  Factory  
  93  8:30  Thor  
  93  8:31  Factory, Thor  
  93  8:32  Missile Turret, Hellion x2  
  93  8:33  Hellion  
  111  8:39  SCV  
  112  8:51  SCV  
  112  8:53  Orbital Command  
  112  8:54  SCV  
  114  9:03  SCV  
  114  9:06  SCV  
  116  9:15  SCV  
  117  9:18  Thor x2  
  117  9:21  Hellion x2  
  133  9:24  Refinery x2  
  133  9:25  Missile Turret  
  133  9:41  Factory Reactor  
  133  9:42  Factory Tech Lab  
  133  9:48  Factory  
  133  9:52  Terran Vehicle And Ship Armor Level 1  
  133  9:54  Armory  
  133  10:08  Thor  
  133  10:09  Thor  
  144  10:53  Infernal Pre-Igniter  
  144  10:54  Smart Servos  
  144  11:00  Hellion x2  
  144  11:01  Hellion  
  146  11:04  Supply Depot  
  146  11:13  Supply Depot  
  146  11:14  SCV  
  147  11:25  Thor  
  147  11:26  SCV  
  147  11:30  Supply Depot  
  152  11:33  Thor  
  152  11:34  Thor  
  152  11:35  Hellion x2  
  152  11:37  Hellion  
  163  11:47  Supply Depot x2  
  163  11:50  Supply Depot  
  163  11:51  Thor  
  169  11:55  SCV  
  170  12:07  SCV  
  167  12:19  SCV  
  156  12:31  SCV  
  146  12:47  Orbital Command  
Tags
 
Composition
Mech
Matchup
PvT
Spawn Locations
Cross Positions
Add a new tag
Caveats
  • Supply blocks, unpowered buildings, or Contaminate may cause inaccurate times.
  • Supply counts are checked every 10 seconds.